 Dungeon Crawl Stone Soup version 0.14-a0-2848-g1d0399b (webtiles) character file.

168 HollowCharge the Cudgeler (level 4, -4/46 HPs)
             Began as an Ogre Gladiator on Feb 27, 2014.
             Was an Initiate of Ashenzari.
             Slain by letownia's ghost (7 damage)
             ... on Level 3 of the Dungeon.
             The game lasted 00:08:44 (1933 turns).

HollowCharge the Cudgeler (Ogre Gladiator)          Turns: 1933, Time: 00:08:45

HP  -4/46        AC  5     Str 21      XL: 4   Next: 26%
MP   0/4         EV 19     Int  7      God: Ashenzari [......]
Gold 96          SH  0     Dex 15      Spells:  0 memorised,  3 levels left

rFire  . . .     SeeInvis .     g - +2,+0 whip (drain)
rCold  . . .     Clarity  .     k - +0 robe
rNeg   . . .     Conserve .     (shield restricted)
rPois  .         rCorr    .     c - +2 hat
rElec  .         rRot     .     (no cloak)
SustAb . .       Spirit   +     (gloves unavailable)
rMut   .         Warding  .     (boots unavailable)
Saprov + . .     Stasis   .     p - cursed amulet of guardian spirit
MR     .....                    (no ring)
                                n - cursed +3 ring of evasion

@: agile, drained, not resistant to hostile enchantments, stealthy
A: unfitting armour, fast metabolism 1, saprovore 1, tough skin 1
a: Renounce Religion


You were on level 3 of the Dungeon.
You worshipped Ashenzari.
Ashenzari was noncommittal.
You were not hungry.

You visited 1 branch of the dungeon, and saw 3 of its levels.

You collected 96 gold pieces.

Inventory:

Hand weapons
 a - a +0,+0 mace
 g - a +2,+0 whip of draining (weapon)
Missiles
 d - 3 throwing nets (quivered)
Armour
 c - a +2 hat (worn)
 k - a +0 robe (worn)
Comestibles
 f - 3 meat rations
 m - a pear
 o - a bread ration
 q - a chunk of worm flesh
 r - a choko
Scrolls
 i - 2 scrolls of remove curse
Jewellery
 n - a cursed +3 ring of evasion (left hand)
 p - a cursed amulet of guardian spirit (around neck)
Potions
 b - a potion of cure mutation {unknown}
 e - 4 potions of curing
 j - 2 potions of invisibility
 l - a potion of agility
 s - a potion of degeneration {unknown}


   Skills:
 + Level 3.6(3.1) Fighting
 * Level 5.3(4.8) Maces & Flails
 - Level 2.1(1.6) Throwing
 + Level 3.3(2.8) Dodging


You had 3 spell levels left.
You didn't know any spells.

Dungeon Overview and Level Annotations

Branches:
Dungeon (3/16)

Altars:
Ashenzari
Trog

Annotations:
D:3 letownia's ghost, average HaSk


Innate Abilities, Weirdness & Mutations

You are too large for most types of armour.
You have a fast metabolism.
You can tolerate rotten meat.
You have tough skin (AC +1).


Message History

Letownia's ghost hits you.
* * * LOW HITPOINT WARNING * * *
You hit letownia's ghost but do no damage.
Letownia's ghost is almost destroyed.
Letownia's ghost closely misses you.
You hit letownia's ghost but do no damage.
Letownia's ghost is almost destroyed.
You hit letownia's ghost but do no damage.
Letownia's ghost is almost destroyed.
Letownia's ghost hits you.
* * * LOW HITPOINT WARNING * * *
You hit letownia's ghost but do no damage.
Letownia's ghost is almost destroyed.
Letownia's ghost hits you.
* * * LOW HITPOINT WARNING * * *
You hit letownia's ghost but do no damage.
Letownia's ghost is almost destroyed.
Letownia's ghost says, "It's not the size of the blade that matters, it's how you use it."
Letownia's ghost hits you!
You die...

# ###..%......##
# #............#
# #............#
#
#............###
#
#...%...........
# #............#
.
#............##..
#.
#............'.#
.
#.......@p...#.#
.
#..........^...#
#..........<....
##########.....
..... ... ##


You could see letownia's ghost.

Vanquished Creatures
  3 adders
  A worm (D:3)
  6 bats
  6 goblins
  17 jackals
  4 kobolds
  A ball python (D:1)
  5 giant cockroaches
  3 giant newts
  5 hobgoblins
  7 rats
58 creatures vanquished.

Notes
Turn   | Place    | Note
--------------------------------------------------------------
     0 | D:1      | HollowCharge, the Ogre Gladiator, began the quest for the Orb.
     0 | D:1      | Reached XP level 1. HP: 22/22 MP: 1/1
   162 | D:1      | Reached XP level 2. HP: 13/29 MP: 2/2
   838 | D:1      | Reached XP level 3. HP: 27/36 MP: 3/3
   877 | D:1      | Reached skill level 5 in Maces & Flails
  1210 | D:2      | Found a shattered altar of Ashenzari.
  1217 | D:2      | Became a worshipper of Ashenzari the Shackled
  1503 | D:2      | Reached XP level 4. HP: 45/45 MP: 4/4
  1515 | D:2      | Found a bloodstained altar of Trog.
  1873 | D:3      | Noticed letownia's ghost (average HaSk)
  1933 | D:3      | Slain by letownia's ghost

Action                   |  1- 3 |  4- 6 || total
-------------------------+-------+-------++-------
Melee: Mace              |    25 |       ||    25
       Whip              |   105 |   116 ||   221
  Use: Scroll            |     4 |     2 ||     6
       Potion            |       |     1 ||     1
